 Dungeon Crawl Stone Soup version 0.30.1-11-g7821555f0a (webtiles) character file.

Game seed: 6964796215233407436

528820 Peloso the Minotaur Barricade (level 24, -5/249 HPs)
             Began as a Minotaur Fighter on Nov 5, 2023.
             Was the Champion of Okawaru.
             Killed by the air
             ... invoked by a spriggan air mage
              (12 damage)
             ... on level 2 of the Depths.
             The game lasted 02:32:12 (51140 turns).

Peloso the Minotaur Barricade (Minotaur Fighter)   Turns: 51140, Time: 02:32:13

Health: -5/249     AC: 30    Str: 34    XL:     24   Next: 35%
Magic:  33/33      EV: 19    Int:  8    God:    Okawaru [******]
Gold:   6171       SH: 23    Dex: 31    Spells: 23/23 levels left

rFire   . . .        a - +9 double sword (spect)
rCold   + + .        d - +2 kite shield of the Monk {rElec rN+ Str+4 Stlth-}
rNeg    + + +        i - +1 plate armour {Will+}
rPois   +            g - +2 hat
rElec   +            F - scarf of Giudease {repulsion, rC+ Regen+ rCorr MP+9}
rCorr   +            X - +0 pair of gloves of Ignis's Supremacy {rN+ Dex+3}
SInv    .            j - +0 pair of boots of Betzozeu {rC+ Slay+4}
Will    ++...        v - amulet of Cautumic {Regen+ Str+5 Dex+7} Stlth
                     T - ring of Hard Scrabble {Fly AC+4 Int+3 Slay+2}
HPRegen 2.21/turn    r - ring of Ruinn {rPois rN+ Dex+3}
MPRegen 0.23/turn

%: repel missiles
@: flying, studying 3 skills
A: horns 2, retaliatory headbutt
}: 3/15 runes: serpentine, barnacled, silver
a: Renounce Religion, Heroism, Finesse, Duel


You were on level 2 of the Depths.
You worshipped Okawaru.
Okawaru was exalted by your worship.
You visited 11 branches of the dungeon, and saw 45 of its levels.
You also visited: Bailey, Ice Cave and Wizlab.

You collected 9161 gold pieces.
You spent 2990 gold pieces at shops.

Inventory:

Hand Weapons
 a - a +9 spectral double sword (weapon)
 b - a +2 scimitar of flaming
 c - the +11 Singing Sword {sonic wave}
   (Okawaru gifted it to you on level 3 of the Snake Pit)
Missiles
 R - a throwing net (quivered)
Armour
 d - the +2 kite shield of the Monk (worn) {rElec rN+ Str+4 Stlth-}
   (You bought it in a shop on level 2 of the Orcish Mines)

   Str:       It affects your strength (+4).
   rElec:     It insulates you from electricity.
   rN:        It protects you from negative energy.
   Stlth:     It makes you less stealthy.
 g - a +2 hat (worn)
 i - a +1 plate armour of willpower (worn)
 j - the +0 pair of boots of Betzozeu (worn) {rC+ Slay+4}
   (Okawaru gifted it to you on level 1 of the Elven Halls)

   Slay:      It affects your accuracy & damage with ranged weapons and melee
   (+4).
   rC:        It protects you from cold.
 F - the scarf of Giudease (worn) {repulsion, rC+ Regen+ rCorr MP+9}
   (You bought it in a shop on level 7 of the Dungeon)

   rC:        It protects you from cold.
   MP:        It affects your magic capacity (+9).
   Regen:     It increases your rate of health regeneration.
   rCorr:     It protects you from acid and corrosion.
 X - the +0 pair of gloves of Ignis's Supremacy (worn) {rN+ Dex+3}
   (You found it on level 3 of the Elven Halls)

   Dex:       It affects your dexterity (+3).
   rN:        It protects you from negative energy.
Jewellery
 h - a ring of willpower
 k - a ring of see invisible
 r - the ring of Ruinn (right hand) {rPois rN+ Dex+3}
   (You took it off a merfolk on level 4 of the Shoals)

   [ring of poison resistance]

   Dex:       It affects your dexterity (+3).
   rPois:     It protects you from poison.
   rN:        It protects you from negative energy.
 t - an amulet of the acrobat
 v - the amulet of Cautumic (around neck) {Regen+ Str+5 Dex+7}
   (You bought it in a shop on level 4 of the Shoals)

   [amulet of regeneration]

   Str:       It affects your strength (+5).
   Dex:       It affects your dexterity (+7).
   Regen:     It increases your rate of health regeneration.
 y - the amulet "Hizxuisk" {Reflect rF+ rN+ Will+ rCorr SH+5}
   (You found it on level 5 of the Vaults)

   [amulet of reflection]

   It reflects blocked missile attacks.
   rF:        It protects you from fire.
   rN:        It protects you from negative energy.
   rCorr:     It protects you from acid and corrosion.
   SH:        It affects your SH (+5).
   Will:      It increases your willpower.
 z - the ring of Feul {Fire *Corrode Will+ MP+9 Dex+4}
   (You found it on level 5 of the Vaults)

   [ring of fire]

   It enhances your fire magic.
   Dex:       It affects your dexterity (+4).
   rF:        It protects you from fire.
   rC:        It makes you vulnerable to cold.
   MP:        It affects your magic capacity (+9).
   *Corrode:  It may corrode you when you take damage.
   Will:      It increases your willpower.
 B - a ring of magical power
 E - a +6 ring of intelligence
 G - a ring of magical power
 H - an amulet of reflection
 J - a ring of protection from fire
 T - the ring of Hard Scrabble (left hand) {Fly AC+4 Int+3 Slay+2}
   (You took it off a gnoll on level 7 of the Dungeon)

   [ring of protection]

   AC:        It affects your AC (+4).
   Int:       It affects your intelligence (+3).
   Slay:      It affects your accuracy & damage with ranged weapons and melee
   (+2).
   Fly:       It grants you flight.
Wands
 m - a wand of mindburst (6)
 u - a wand of flame (34)
 w - a wand of quicksilver (8)
 K - a wand of roots (7)
 L - a wand of digging (11)
 O - a wand of polymorph (7)
 Q - a wand of paralysis (13)
Scrolls
 e - 11 scrolls of teleportation
 f - 4 scrolls of blinking
 o - 9 scrolls of poison
 q - 5 scrolls of magic mapping
 s - 6 scrolls of immolation
 P - 2 scrolls of enchant weapon
 S - 23 scrolls of identify
 V - 11 scrolls of fear
Potions
 l - 2 potions of cancellation
 n - 10 potions of might
 p - 4 potions of mutation
 x - 11 potions of haste
 A - 8 potions of resistance
 C - 7 potions of invisibility
 I - 16 potions of curing
 M - 4 potions of flight
 N - 4 potions of brilliance
 W - 5 potions of berserk rage


   Skills:
 O Level 27 Fighting
 + Level 26.3 Long Blades
 + Level 21.5 Armour
 + Level 10.8 Dodging
 + Level 8.8 Stealth
 O Level 27 Shields
 + Level 3.1 Invocations
 + Level 2.2 Evocations


You had 23 spell levels left.
You didn't know any spells.
Your spell library contained the following spells:

 Spells                   Type           Power      Damage    Failure   Level
 Apportation              Tloc           0%         N/A       80%         1
 Beastly Appendage        Tmut           0%         N/A       80%         1
 Foxfire                  Conj/Fire      0%         2x1d4     80%         1
 Freeze                   Ice            0%         1d3       80%         1
 Shock                    Conj/Air       0%         1d3       80%         1
 Blink                    Tloc           0%         N/A       91%         2
 Ensorcelled Hibernation  Hex/Ice        0%         N/A       91%         2
 Lesser Beckoning         Tloc           0%         N/A       91%         2
 Momentum Strike          Conj/Tloc      0%         3d8       91%         2
 Passwall                 Tmut/Erth      0%         N/A       91%         2
 Poisonous Vapours        Pois/Air       0%         N/A       91%         2
 Scorch                   Fire           0%         2d5       91%         2
 Static Discharge         Conj/Air       0%         2-2/arc   91%         2
 Wereblood                Tmut           0%         N/A       91%         2
 Dazzling Flash           Conj/Hex       0%         N/A       99%         3
 Frozen Ramparts          Ice            0%         1d1       99%         3
 Gell's Gravitas          Tloc           0%         N/A       99%         3
 Hailstorm                Conj/Ice       0%         3d3       99%         3
 Inner Flame              Hex/Fire       0%         N/A       99%         3
 Portal Projectile        Hex/Tloc       0%         N/A       99%         3
 Spider Form              Tmut/Pois      0%         N/A       99%         3
 Swiftness                Air            0%         N/A       99%         3
 Teleport Other           Tloc           0%         N/A       99%         3
 Vampiric Draining        Necr           0%         2d6       99%         3
 Vhi's Electric Charge    Tloc/Air       0%         N/A       99%         3
 Volatile Blastmotes      Fire/Tloc      0%         2d10      99%         3
 Airstrike                Air            0%         2d(0-16)  100%        4
 Anguish                  Hex/Necr       0%         N/A       100%        4
 Cause Fear               Hex            0%         N/A       100%        4
 Dispel Undead            Necr           0%         3d6       100%        4
 Flame Wave               Conj/Fire      0%         2d4       100%        4
 Fulminant Prism          Conj/Hex       0%         3d5       100%        4
 Iskenderun's Mystic Bla  Conj/Tloc      0%         2d3       100%        4
 Leda's Liquefaction      Hex/Erth       0%         N/A       100%        4
 Passage of Golubria      Tloc           0%         N/A       100%        4
 Sticky Flame             Conj/Fire      0%         2d3       100%        4
 Alistair's Intoxication  Tmut/Pois      0%         N/A       100%        5
 Arcjolt                  Conj/Air       0%         1d10      100%        5
 Blade Hands              Tmut           0%         N/A       100%        5
 Fireball                 Conj/Fire      0%         3d3       100%        5
 Irradiate                Conj/Tmut      0%         3d11      100%        5
 Iskenderun's Battlesphe  Conj           0%         2d6       100%        5
 Lee's Rapid Deconstruct  Erth           0%         3d4*      100%        5
 Silence                  Hex/Air        0%         N/A       100%        5
 Yara's Violent Unravell  Hex/Tmut       0%         3d3       100%        5
 Conjure Ball Lightning   Conj/Air       0%         3x3d6     100%        6
 Dispersal                Tloc           0%         N/A       100%        6
 Plasma Beam              Fire/Air       0%         2x1d11    100%        6
 Starburst                Conj/Fire      0%         6d3       100%        6
 Statue Form              Tmut/Erth      0%         N/A       100%        6
 Dragon Form              Tmut           0%         N/A       100%        7
 Enfeeble                 Hex            0%         N/A       100%        7
 Orb of Destruction       Conj           0%         9d5       100%        7
 Lehudib's Crystal Spear  Conj/Erth      0%         10d2      100%        8
 Maxwell's Capacitive Co  Air            0%         ∞         100%        8
 Necromutation            Tmut/Necr      0%         N/A       100%        8
 Chain Lightning          Conj/Air       0%         N/A       100%        9
 Death's Door             Necr           0%         N/A       100%        9
 Fire Storm               Conj/Fire      0%         5d1       100%        9
 Shatter                  Erth           0%         3d5*      100%        9
 Call Canine Familiar     Summ           Unusable   N/A       N/A         3
 Summon Guardian Golem    Hex/Summ       Unusable   N/A       N/A         3
 Tukima's Dance           Hex            Unusable   N/A       N/A         3
 Animate Dead             Necr           Unusable   N/A       N/A         4
 Summon Lightning Spire   Summ/Air       Unusable   N/A       N/A         4
 Simulacrum               Ice/Necr       Unusable   N/A       N/A         6
 Summon Cactus Giant      Summ           Unusable   N/A       N/A         6
 Spellforged Servitor     Conj/Summ      Unusable   N/A       N/A         7
 Dragon's Call            Summ           Unusable   N/A       N/A         9

Dungeon Overview and Level Annotations

Branches:
Dungeon (15/15)            Temple (1/1) D:7            Lair (5/5) D:9
 Shoals (4/4) Lair:3        Snake (4/4) Lair:3        Slime (1/5) Lair:5
    Orc (2/2) D:12            Elf (3/3) Orc:2        Vaults (5/5) D:13
  Crypt (3/3) Vaults:2       Tomb (0/3) Crypt:3      Depths (2/4) D:15
 Bailey (visited)           IceCv (visited)          WizLab (visited)

Altars:
Dithmenos
Elyvilon
Fedhas
Hepliaklqana
Kikubaaqudgha
Makhleb
Nemelex Xobeh
Okawaru
Qazlal
Uskayaw
Vehumet
Wu Jian
Xom
Yredelemnul
Zin
Jiyva

Shops:
D:1 *   D:3 :   D:7 *   D:8 *   D:15 :   Orc:2 [[(*   Shoals:3 *
Shoals:4 :?=*   Snake:1 :   Snake:2 :   Snake:3 [(   Vaults:1 *   Vaults:4 (
Vaults:5 (!

Portals:
Hell: Depths:1 Depths:2
Abyss: Depths:1 Depths:2
Trove: Vaults:4 (give 2 scrolls of acquirement)

Annotations:
Lair:4 2 transporters
Shoals:1 1 runed translucent door, Amuaxidi's ghost, adept FoCK
Elf:2 3 runed translucent doors


Innate Abilities, Weirdness & Mutations

You have a pair of horns on your head.
You reflexively headbutt those who attack you in melee.


Message History

You block the death yak's attack.
The spriggan air mage waves its arms in wide circles.
The air twists around and strikes you!
* * * LOW HITPOINT WARNING * * *
You slice the spriggan defender!!
You kill the spriggan defender!
Okawaru accepts your kill.
You block the brown very ugly thing's attack.
The death yak barely misses you.
You block the spriggan berserker's attack.
You block the spriggan air mage's attack.
You closely miss the brown very ugly thing.
You headbutt the brown very ugly thing!!
The brown very ugly thing is moderately wounded.
You block the death yak's attack.
You block the spriggan berserker's attack.
You block the brown very ugly thing's attack.
Unknown command.
You miss the spriggan air mage. You headbutt the spriggan air mage!!
The spriggan air mage is heavily wounded.
Your +9 spectral double sword hits the spriggan air mage.
You block the death yak's attack.
The spriggan air mage hits you but does no damage.
You block the spriggan berserker's attack.
The spriggan air mage waves its arms in wide circles.
The air twists around and strikes you.
* * * LOW HITPOINT WARNING * * *
Unknown command.
You miss the spriggan air mage. You headbutt the spriggan air mage!
The spriggan air mage is almost dead.
Your +9 spectral double sword hits the spriggan air mage!!
You kill the spriggan air mage!
Okawaru accepts your kill.
You block the brown very ugly thing's attack.
You block the death yak's attack.
The spriggan berserker hits you with a +3 war axe!!!
* * * LOW HITPOINT WARNING * * *
The spriggan air mage waves its arms in wide circles.
The air twists around and strikes you!
You die...

#........ #..# #......u.
#..# #≈....... #..#
#......≈≈ #..#
##......≈≈
#..###..).≈≈≈≈≈
#..##ui...≈≈≈hp
#..##i#..≈≈§hhh
#..)@Yi..§≈§≈§∩.≈§≈..
####...(u)...≈§≈§hh≈§§..
#.....####..§§§§..p≈§§§.
#.....# #..§.≈≈≈≈p≈§...
####..# #..§§.≈§§≈≈≈...
#..# #.....≈§≈§≈....
#..# #.......≈§≈....
#..# #..#....§§....≈
#..# #..#.........§≈


You could see a brown very ugly thing, a death yak (summoned, berserk), a red
ugly thing, a spriggan berserker (berserk, regenerating, strong-willed), 2
spriggan air magi and a friendly +9 spectral double sword.

Vanquished Creatures
  2 dread liches (Vaults:5)
  Mara (Vaults:2)
  2 ancient liches
  Saint Roka (Vaults:2)
  Bai Suzhen (Snake:3)
  Vashnia (Snake:4)
  A curse toe (Crypt:3)
  Nikola (Shoals:4)
  Jory (Crypt:1)
  2 golden dragons
  2 bone dragons
  An iron giant (Depths:1)
  The ghost of Azie the Spry, an adept DsAK of Lugonu (Depths:1)
  Jorgrun (D:12)
  A quicksilver dragon (Vaults:5)
  2 deep elf master archers (Elf:3)
  3 titans (Vaults:5)
  2 deep elf blademasters (Elf:3)
  2 krakens
  2 sphinxes (Vaults:5)
  11 ancient champions
  5 tengu reavers (Vaults:5)
  3 shadow dragons
  The ghost of VeryBadPlayer the Severer, an adept MiFi of the Shining One (Depths:1)
  3 storm dragons
  Agnes (Snake:3)
  Kirke (Shoals:3)
  Donald (Elf:2)
  4 nagarajas
  Ilsuiw (Shoals:3)
  9 deep elf sorcerers
  3 fire giants
  6 revenants
  An azure jelly (Elf:3)
  3 frost giants
  16 vault wardens
  A balrug (Depths:1)
  5 iron dragons
  Aizul (Vaults:2)
  The ghost of o55k the Crack Shot, an adept TeHu of Hepliaklqana (Depths:1)
  3 orc warlords
  A caustic shrike zombie (Crypt:3)
  14 ironbound preservers
  4 war gargoyles
  4 ghouls (Crypt:3)
  13 very ugly things
  2 deep elf elementalists (Elf:3)
  4 spriggan defenders (Depths:2)
  7 deep elf demonologists
  10 ironbound thunderhulks
  5 stone giants
  6 vampire knights
  6 dire elephants
  8 deep elf annihilators
  2 crystal guardians (Vaults:2)
  3 ettins
  5 merfolk javelineers (Shoals:4)
  9 deep elf death magi
  5 eidola
  4 fire dragons
  3 mummy priests
  7 deep elf high priests
  12 jiangshi
  7 merfolk impalers
  8 great orbs of eyes
  32 vault guards
  A quicksilver dragon skeleton (Vaults:5)
  10 yaktaur captains
  3 ice dragons
  A rakshasa (D:15)
  A peacekeeper (Vaults:2)
  10 centaur warriors
  5 salamander tyrants
  A death knight (Crypt:1)
  An anaconda (shapeshifter) (Vaults:4)
  Erica (D:8)
  An alligator snapping turtle (Shoals:4)
  7 ironbound frosthearts
  3 ogre magi
  7 anacondas
  2 spriggan air magi
  3 hydras
  4 merfolk aquamancers
  5 merfolk avatars
  A spriggan skeleton (Crypt:3)
  6 two-headed ogres
  15 dancing weapons
  15 naga warriors
  2 satyrs (Shoals:2)
  A titan zombie (Crypt:3)
  2 spriggan berserkers (Depths:1)
  9 tengu warriors
  6 death yaks (Lair:4)
  3 hell hogs (Depths:1)
  7 vampire magi
  3 boulder beetles
  7 deep troll earth magi
  A deep troll shaman (Depths:1)
  16 naga sharpshooters
  9 shock serpents
  2 orc high priests
  5 soul eaters
  7 hell knights
  The ghost of dvd2 the Cleaver, a novice HOMo of Trog (D:7)
  A storm dragon zombie (Vaults:5)
  A sun demon (Depths:2)
  A titan skeleton (Crypt:3)
  19 deep elf knights
  4 salamander mystics
  9 iron trolls
  A storm dragon skeleton (Vaults:5)
  4 shadow wraiths
  An anaconda zombie (Crypt:2)
  10 sea snakes
  29 skeletal warriors
  A flayed ghost (Crypt:1)
  53 deep trolls
  A bunyip zombie (Crypt:3)
  A skyshark (Shoals:1)
  4 naga ritualists
  2 glowing orange brains
  2 orange crystal statues
  16 deep elf archers
  14 ironbound convokers
  3 lindwurms
  28 deep elf pyromancers
  A golden dragon skeleton (Crypt:2)
  A bog body (Crypt:2)
  11 phantasmal warriors
  6 orc knights
  29 harpies
  29 deep elf zephyrmancers
  10 wizards
  A wolf spider (D:15)
  5 necromancers
  A goliath frog zombie (Crypt:3)
  24 ugly things
  15 mana vipers
  Pikel (D:3)
  A jorogumo zombie (Crypt:1)
  16 manticores
  6 fauns
  A manticore (shapeshifter) (D:15)
  5 orc sorcerers
  5 oklob plants (Lair:5)
  A frost giant zombie (Vaults:4)
  7 cyclopes
  A goliath frog skeleton (Crypt:2)
  16 salamanders
  6 elephants
  2 guardian serpents (Snake:2)
  6 water nymphs (Shoals:4)
  9 merfolk sirens
  A fire giant skeleton (Crypt:2)
  2 torpor snails
  An eye of devastation (shapeshifter) (Vaults:5)
  3 smoke demons (Depths:2)
  23 naga magi
  25 black mambas
  A human zombie (Vaults:4)
  6 cane toads
  An unseen horror (D:11)
  3 gargoyles
  15 vault sentinels
  Maggie (D:6)
  An unseen horror (shapeshifter) (D:13)
  A rime drake (shapeshifter) (D:13)
  10 freezing wraiths
  10 komodo dragons
  A swamp worm zombie (Crypt:3)
  20 yaktaurs
  5 tengu conjurers
  9 guardian mummies (Crypt:3)
  A death yak skeleton (Crypt:3)
  4 trolls
  5 polar bears
  6 meliai
  A queen bee (Lair:4)
  A blink frog (shapeshifter) (D:13)
  A polar bear (shapeshifter) (Vaults:5)
  A deep troll zombie (Vaults:5)
  6 hornets
  A wind drake (shapeshifter) (D:14)
  16 merfolk
  5 wind drakes
  A radroach zombie (Crypt:3)
  14 snapping turtles
  2 harpy skeletons (Crypt:3)
  8 blink frogs
  A stone giant simulacrum (Crypt:3)
  An elf zombie (Vaults:4)
  13 dream sheep
  26 slime creatures
  4 air elementals
  A fire dragon skeleton (Crypt:2)
  An iron dragon simulacrum (Crypt:3)
  2 jumping spiders (D:8)
  An alligator skeleton (Crypt:3)
  4 flying skulls (Crypt:1)
  A dire elephant simulacrum (IceCv)
  A black mamba zombie (Crypt:3)
  10 spriggans (Lair:5)
  An ettin skeleton (Crypt:1)
  19 water elementals
  5 wraiths
  A hog (shapeshifter) (D:15)
  A fire elemental (Elf:3)
  A human (shapeshifter) (Elf:1)
  7 wyverns
  28 yaks
  2 basilisks
  3 steam dragons
  3 ushabtiu (Crypt:3)
  Eustachio (D:6)
  6 humans (Shoals:3)
  2 redbacks (D:8)
  A naga zombie (Crypt:3)
  14 vampire mosquitoes
  A yaktaur simulacrum (Vaults:5)
  58 nagas
  9 wargs
  4 harpy simulacra
  3 swamp worms (Lair:4)
  2 acid dragons
  20 water moccasins
  2 hydra simulacra (IceCv)
  A floating eye (Depths:2)
  An ice beast (D:7)
  An ettin simulacrum (IceCv)
  4 black bears
  41 orc warriors
  7 ogres
  33 wolves
  9 boggarts
  3 lemures
  12 centaurs
  A rime drake zombie (Crypt:1)
  3 phantoms
  3 kobold brigands
  8 bullfrogs
  An elf skeleton (Crypt:2)
  4 gnoll sergeants
  3 earth elementals
  2 scorpions
  A yaktaur skeleton (Crypt:2)
  8 wights
  A warg zombie (Crypt:1)
  23 killer bees
  A lindwurm simulacrum (IceCv)
  2 spriggan zombies
  A warg skeleton (Crypt:1)
  4 howler monkeys
  A polar bear zombie (Crypt:1)
  9 electric eels
  3 lava snakes (D:8)
  A wolf skeleton (Crypt:3)
  3 hounds
  18 orc priests
  2 gnoll boudas (D:7)
  2 jellies
  A sleepcap (D:5)
  Crazy Yiuf (D:3)
  2 iguanas
  26 orc wizards
  9 adders
  25 gnolls
  A shadow imp (D:8)
  2 white imps (D:7)
  An ufetubus (D:5)
  An adder skeleton (Crypt:3)
  A lava snake skeleton (Crypt:1)
  2 worms
  7 dart slugs
  119 orcs
  7 ball pythons
  8 endoplasms
  3 giant cockroaches
  A gnoll zombie (Crypt:3)
  9 goblins
  8 hobgoblins
  5 jackals
  A quokka (D:2)
  A ball python skeleton (Crypt:2)
  7 bats
  A dart slug zombie (Crypt:2)
  3 frilled lizards (D:1)
  A hobgoblin skeleton (Crypt:3)
  A jackal zombie (Crypt:1)
  29 kobolds
  An orc zombie (Crypt:3)
  5 rats
  2 rat skeletons
  A rat zombie (Crypt:2)
  A tentacle (Shoals:3)
1878 creatures vanquished.

Vanquished Creatures (others)
  A deep elf demonologist (Elf:1)
  A deep elf annihilator (Vaults:5)
  A merfolk aquamancer (Shoals:4)
  A flayed ghost (Crypt:3)
  A deep elf pyromancer (Elf:1)
  A deep elf zephyrmancer (Elf:2)
  A black mamba (Snake:2)
  26 spectral weapons
  14 tentacles
47 creatures vanquished.

Grand Total: 1925 creatures vanquished

Notes
Turn   | Place    | Note
-------+----------+-------------------------------------------
     0 | D:1      | Peloso the Minotaur Fighter began the quest for the Orb.
     0 | D:1      | Reached XP level 1. HP: 19/19 MP: 0/0
    99 | D:1      | Reached XP level 2. HP: 27/27 MP: 1/1
   669 | D:1      | Reached XP level 3. HP: 33/33 MP: 2/2
   671 | D:1      | Found Qeoc's General Store.
   680 | D:1      | Bought a potion of curing for 30 gold pieces
  1076 | D:2      | Reached XP level 4. HP: 40/40 MP: 3/3
  1509 | D:3      | Reached skill level 5 in Armour
  1631 | D:3      | Reached XP level 5. HP: 43/46 MP: 4/4
  1684 | D:3      | Found Vuitz's Book Shoppe.
  1853 | D:3      | Noticed a phantom
  1862 | D:3      | Killed a phantom
  1887 | D:3      | Found a runed translucent door.
  1888 | D:3      | Noticed Crazy Yiuf
  2541 | D:4      | Got Untoakk's Parchment of Smouldering Bedrock
  2556 | D:4      | Found a transporter.
  2586 | D:4      | Found a transporter.
  2598 | D:4      | Reached XP level 6. HP: 53/53 MP: 5/5
  2744 | D:4      | Identified the +1 cloak "Rileimim" {Will+ Str+3 Dex-5}
  2815 | D:4      | Reached skill level 5 in Long Blades
  3170 | D:4      | Reached skill level 5 in Shields
  3289 | D:5      | Entered Level 5 of the Dungeon
  3289 | D:5      | Noticed Pikel
  3523 | D:3      | Killed Pikel
  3524 | D:3      | Reached skill level 5 in Fighting
  3524 | D:3      | Reached skill level 1 in Dodging
  3524 | D:3      | Reached XP level 7. HP: 58/61 MP: 6/6
  3755 | D:5      | Reached XP level 8. HP: 64/70 MP: 7/7
  4485 | D:6      | Noticed Maggie
  4509 | D:6      | Killed Maggie
  5020 | D:6      | Reached XP level 9. HP: 71/79 MP: 8/8
  5237 | D:6      | Noticed Eustachio
  5251 | D:6      | Killed Eustachio
  5531 | D:7      | Paralysed by a hornet for 2 turns
  5539 | D:7      | Reached skill level 10 in Long Blades
  5566 | D:7      | Identified the ring of Hard Scrabble {Fly AC+4 Int+3
                  | Slay+2}
  5578 | D:7      | Found a transporter.
  5691 | D:7      | Found a flagged portal.
  5745 | Bailey   | Entered a bailey
  5925 | Bailey   | Noticed an orc knight
  5952 | Bailey   | Killed an orc knight
  6400 | D:7      | Found Bidecw's Assorted Antiques.
  6405 | D:7      | Bought a scroll labelled RYWNENG XOCU for 32 gold pieces
  6405 | D:7      | Bought a dazzling scarf for 320 gold pieces
  6405 | D:7      | Identified the scarf of Giudease {repulsion, rC+ Regen+
                  | rCorr MP+9} (You bought it in a shop on level 7 of the
                  | Dungeon)
  6512 | D:7      | Found a transporter.
  6515 | D:7      | Noticed dvd2's ghost (novice HOMo)
  6557 | D:7      | Reached skill level 1 in Evocations
  6569 | D:7      | Found a staircase to the Ecumenical Temple.
  6586 | Temple   | Entered the Ecumenical Temple
  6593 | Temple   | Became a worshipper of Warmaster Okawaru
  6829 | D:7      | Reached XP level 10. HP: 85/90 MP: 9/9
  7027 | D:8      | Identified the +1 leather armour of Fortitude {Fly rCorr
                  | Int+4 Stlth-}
  7042 | D:8      | Found Zin's Purification Station.
  7052 | D:8      | Found a glowing silver altar of Zin.
  7107 | D:8      | Noticed Erica
  7121 | D:8      | Killed Erica
  7121 | D:8      | Reached * piety under Okawaru
  7122 | D:8      | Reached skill level 10 in Fighting
  7343 | D:8      | Found a runed translucent door.
  7440 | D:8      | Noticed a two-headed ogre
  7451 | D:8      | Killed a two-headed ogre
  7451 | D:8      | Reached ** piety under Okawaru
  7990 | D:8      | Found a runed translucent gate.
  7990 | D:8      | Found a runed translucent gate.
  7990 | D:8      | Found a runed translucent gate.
  7990 | D:8      | Found a runed translucent gate.
  7990 | D:8      | Found a runed translucent gate.
  7990 | D:8      | Found a runed translucent gate.
  7990 | D:8      | Noticed a lindwurm
  7990 | D:8      | Noticed a boulder beetle
  8071 | D:9      | Reached skill level 1 in Invocations
  8108 | D:9      | Reached *** piety under Okawaru
  8113 | D:9      | Reached XP level 11. HP: 99/104 MP: 10/10
  8132 | D:9      | Reached skill level 10 in Armour
  8170 | D:9      | Found a staircase to the Lair.
  8245 | D:9      | Paralysed by a hornet for 3 turns
  8484 | D:9      | Reached **** piety under Okawaru
  8937 | D:10     | Entered Level 10 of the Dungeon
  9508 | D:10     | Identified the staff of fire "Emiloej" {rF+ Stlth+}
 10014 | D:11     | Reached ***** piety under Okawaru
 10031 | D:11     | Reached skill level 10 in Shields
 10034 | D:11     | Identified the +0 chain mail "Roadeunu" {rN+}
 10492 | Lair:1   | Entered Level 1 of the Lair of Beasts
 10718 | Lair:1   | You fall into a shaft and drop 1 floor!
 10769 | Lair:2   | Reached XP level 12. HP: 114/116 MP: 11/11
 10955 | Lair:2   | Identified the amulet "Xypiro" {RegenMP rElec rF+}
 11200 | Lair:2   | Identified the +4 hand crossbow "Senluj" {heavy, rPois rC+}
                  | (Okawaru gifted it to you on level 2 of the Lair of Beasts)
 11200 | Lair:2   | Received a gift from Okawaru
 11820 | Lair:3   | Found a staircase to the Shoals.
 11874 | Lair:3   | Found a staircase to the Snake Pit.
 12009 | Lair:3   | Identified the +3 sling "Jiagoaz" {elec, Str+7 Int+5 Dex-5}
 12932 | Lair:1   | Identified the +0 kite shield of Leapfrog {rF- Str+3 Dex+7
                  | Stlth-} (Okawaru gifted it to you on level 1 of the Lair of
                  | Beasts)
 12932 | Lair:1   | Received a gift from Okawaru
 13206 | Lair:1   | Reached skill level 15 in Fighting
 13228 | Lair:1   | Identified the +1 helmet of the Black Moon {Int-4 Dex+5}
 13399 | D:12     | Reached skill level 15 in Long Blades
 13441 | D:12     | Reached ****** piety under Okawaru
 13584 | D:12     | Found a staircase to the Orcish Mines.
 13667 | D:12     | Noticed a boulder beetle
 13669 | D:12     | Noticed Jorgrun
 13691 | D:12     | HP: 4/121 [constriction (8)]
 13701 | D:12     | Killed Jorgrun
 13706 | D:12     | Killed a boulder beetle
 14162 | D:12     | Reached XP level 13. HP: 76/128 MP: 12/12
 14878 | D:3      | Killed Crazy Yiuf
 15281 | D:7      | Killed dvd2's ghost
 15487 | D:8      | Identified the ring of Cogiblyche {Wiz Drain rCorr Int+5}
 15626 | Orc:1    | Entered Level 1 of the Orcish Mines
 15675 | D:12     | Received a gift from Okawaru
 15895 | Orc:2    | Entered Level 2 of the Orcish Mines
 15903 | Orc:2    | Found a staircase to the Elven Halls.
 15917 | Orc:2    | Noticed an orc warlord
 16186 | Orc:1    | Killed an orc warlord
 16696 | Orc:2    | Noticed an orc warlord
 16722 | Orc:2    | Killed an orc warlord
 16763 | Orc:2    | Found Izuacatt's Antique Weapon Shoppe.
 16766 | Orc:2    | Found Ytoqosieb's Antique Armour Emporium.
 17106 | Orc:2    | Found Ciso's Assorted Antiques.
 17157 | Orc:2    | Bought a scroll of blinking for 195 gold pieces
 17227 | Orc:2    | Identified the +1 scale mail "Cisoxkuw" {Str+4 Dex+2}
                  | (Okawaru gifted it to you on level 2 of the Orcish Mines)
 17227 | Orc:2    | Received a gift from Okawaru
 17282 | Orc:2    | Found Zesakk's Antique Armour Emporium.
 17326 | Orc:2    | Bought a smoking kite shield for 228 gold pieces
 17326 | Orc:2    | Identified the +2 kite shield of the Monk {rElec rN+ Str+4
                  | Stlth-} (You bought it in a shop on level 2 of the Orcish
                  | Mines)
 17850 | Lair:4   | Found a transporter.
 18048 | Lair:4   | Found a transporter.
 18378 | Lair:4   | Found an iron altar of Okawaru.
 18452 | Lair:4   | Reached XP level 14. HP: 124/138 MP: 13/13
 18899 | Lair:5   | Entered Level 5 of the Lair of Beasts
 19080 | Lair:5   | Reached skill level 15 in Shields
 19803 | Lair:5   | Found a viscous altar of Jiyva.
 19804 | Lair:5   | Found a staircase to the Slime Pits.
 19815 | Lair:5   | Identified the +1 dagger "Fenuep" {freeze, Int+3 Stlth+}
                  | (Okawaru gifted it to you on level 5 of the Lair of Beasts)
 19815 | Lair:5   | Received a gift from Okawaru
 20733 | D:13     | Found the +3 hat of Pondering {ponderous, Will+ MP+10
                  | Int+5}
 20835 | D:13     | Reached skill level 15 in Armour
 21224 | D:13     | Found a gate to the Vaults.
 21637 | D:14     | Reached skill level 1 in Stealth
 21822 | D:14     | Identified the +2 pair of boots "Fiwutse" {Int+3} (Okawaru
                  | gifted it to you on level 14 of the Dungeon)
 21822 | D:14     | Received a gift from Okawaru
 21943 | D:14     | Reached XP level 15. HP: 142/147 MP: 15/15
 22239 | D:15     | Entered Level 15 of the Dungeon
 22290 | D:15     | Found a staircase to the Depths.
 23336 | D:15     | Found Vexkeala's Book Shop.
 23591 | Snake:1  | Entered Level 1 of the Snake Pit
 23602 | Snake:1  | Received a gift from Okawaru
 23978 | Snake:1  | Found Ziro's Book Boutique.
 24961 | Slime:1  | Entered Level 1 of the Pits of Slime
 25059 | Snake:2  | Noticed a nagaraja
 25069 | Snake:2  | Killed a nagaraja
 25298 | Snake:2  | Received a gift from Okawaru
 25426 | Snake:2  | Reached skill level 5 in Dodging
 25939 | Snake:2  | Reached XP level 16. HP: 159/159 MP: 16/16
 26104 | Snake:2  | Found Ingen's Book Emporium.
 26196 | Snake:2  | Identified the +4 trident of Causality {flame, Contam rElec
                  | Str+4} (Okawaru gifted it to you on level 2 of the Snake
                  | Pit)
 26196 | Snake:2  | Received a gift from Okawaru
 26640 | Shoals:1 | Entered Level 1 of the Shoals
 26937 | Shoals:1 | Found a runed translucent door.
 26937 | Shoals:1 | Noticed Amuaxidi's ghost (adept FoCK)
 27441 | Shoals:2 | You are sucked into a shaft and drop 1 floor!
 27441 | Shoals:3 | Noticed Kirke
 27445 | Shoals:3 | Killed Kirke
 27727 | Shoals:2 | Identified the +1 robe "Ujaibem" {rC++} (Okawaru gifted it
                  | to you on level 2 of the Shoals)
 27727 | Shoals:2 | Received a gift from Okawaru
 28527 | Shoals:3 | Noticed a kraken
 28548 | Shoals:3 | Killed a kraken
 28608 | Shoals:3 | Noticed Ilsuiw
 28662 | Shoals:3 | Killed Ilsuiw
 28926 | Shoals:3 | Identified the +0 pair of boots of Eternity {*Slow rCorr
                  | MP+9 Dex+4} (Okawaru gifted it to you on level 3 of the
                  | Shoals)
 28926 | Shoals:3 | Received a gift from Okawaru
 29043 | Shoals:3 | Reached XP level 17. HP: 48/168 MP: 17/17
 29250 | Shoals:3 | Found Talem's Assorted Antiques.
 29959 | Shoals:4 | Entered Level 4 of the Shoals
 29963 | Shoals:4 | Found Iviliep's Magic Scroll Boutique.
 29988 | Shoals:4 | Bought a scroll of blinking for 142 gold pieces
 29988 | Shoals:4 | Bought 2 scrolls of enchant weapon for 285 gold pieces
 30363 | Shoals:4 | Got a barnacled rune of Zot
 30694 | Shoals:4 | Got the Disquisition on Fuming Confrontation
 30840 | Shoals:4 | Noticed Nikola
 30866 | Shoals:4 | Killed Nikola
 31060 | Shoals:4 | Found Togextan's General Store.
 31063 | Shoals:4 | Bought a scroll of blinking for 127 gold pieces
 31063 | Shoals:4 | Bought a scroll of blinking for 127 gold pieces
 31085 | Shoals:4 | Noticed a kraken
 31096 | Shoals:4 | Killed a kraken
 31299 | Shoals:4 | Found Ingen's Jewellery Emporium.
 31316 | Shoals:4 | Identified the ring of Ruinn {rPois rN+ Dex+3}
 31335 | Shoals:4 | Bought the amulet of Cautumic {Regen+ Str+5 Dex+7} for 746
                  | gold pieces
 31430 | Shoals:4 | Found Meeleume's Book Shoppe.
 31831 | Snake:3  | Noticed Bai Suzhen
 31852 | Snake:3  | Killed Bai Suzhen
 31852 | Snake:3  | Received a gift from Okawaru
 32063 | Snake:3  | Found Hoge's Superior Scales.
 32342 | Snake:3  | Noticed Agnes
 32349 | Snake:3  | Killed Agnes
 32371 | Snake:3  | Found Pile Tiu's Antique Weapon Shoppe.
 32419 | Snake:3  | Received a gift from Okawaru
 32419 | Snake:3  | Found the +11 Singing Sword {sonic wave}
 32849 | Snake:4  | Entered Level 4 of the Snake Pit
 32948 | Snake:4  | Reached XP level 18. HP: 178/178 MP: 18/18
 33168 | Snake:4  | Noticed Vashnia
 33202 | Snake:4  | Identified the +10 great sword of Duty {drain, rF+++}
                  | (Okawaru gifted it to you on level 4 of the Snake Pit)
 33202 | Snake:4  | Received a gift from Okawaru
 33242 | Snake:4  | Killed Vashnia
 33416 | Snake:4  | Got a serpentine rune of Zot
 34237 | Elf:1    | Entered Level 1 of the Elven Halls
 34245 | Elf:1    | Identified the +0 pair of boots of Betzozeu {rC+ Slay+4}
                  | (Okawaru gifted it to you on level 1 of the Elven Halls)
 34245 | Elf:1    | Received a gift from Okawaru
 34586 | Elf:1    | Found a runed translucent gate.
 34586 | Elf:1    | Found a runed translucent gate.
 34586 | Elf:1    | Found a runed translucent gate.
 34586 | Elf:1    | Found a runed translucent gate.
 34586 | Elf:1    | Found a runed translucent gate.
 34589 | Elf:1    | Noticed a Brimstone Fiend
 34599 | Elf:1    | Found a runed translucent gate.
 35473 | Elf:2    | Noticed Donald
 35479 | Elf:2    | Killed Donald
 35709 | Elf:2    | Identified the +0 pair of gloves of the Gate {rElec rF-
                  | rN+} (Okawaru gifted it to you on level 2 of the Elven
                  | Halls)
 35709 | Elf:2    | Received a gift from Okawaru
 35838 | Elf:2    | Reached XP level 19. HP: 185/189 MP: 19/19
 35843 | Elf:2    | Found a runed translucent gate.
 35843 | Elf:2    | Found a runed translucent gate.
 35843 | Elf:2    | Found a runed translucent gate.
 36108 | Elf:3    | Entered Level 3 of the Elven Halls
 36190 | Elf:3    | Found a frozen archway.
 36196 | IceCv    | Entered an ice cave
 36215 | IceCv    | Found a transporter.
 36226 | IceCv    | Found a transporter.
 36285 | IceCv    | Acquired 676 gold pieces
 36293 | IceCv    | Acquired +1 pearl dragon scales
 36541 | Elf:3    | Paralysed by an air elemental for 1 turns
 36853 | Elf:3    | Received a gift from Okawaru
 36958 | Elf:3    | Identified the ring of the Neverending Yaks {Ice rN+ Int+4
                  | Slay+4}
 37038 | Elf:3    | Found the +2 ratskin cloak {*Rats rPois rN+ Str-1 Int-1
                  | Dex+1}
 37059 | Elf:3    | Identified the +0 pair of gloves of Ignis's Supremacy {rN+
                  | Dex+3}
 37139 | Elf:3    | Identified the ring of Zalucluc {Fly MP+9 Dex+4}
 37163 | Elf:3    | Identified the staff of poison "Inippeza" {rPois rC+ rN+}
 37171 | Elf:3    | Identified the staff of conjuration "Zefeps" {rElec rPois
                  | rC+ Dex+4}
 38601 | Vaults:1 | Entered Level 1 of the Vaults
 38783 | Vaults:1 | Identified the +0 pair of gloves "Peceg" {Harm rF- rC+
                  | Str+6 Dex-3} (Okawaru gifted it to you on level 1 of the
                  | Vaults)
 38783 | Vaults:1 | Received a gift from Okawaru
 38878 | Vaults:1 | Found Keurhef's General Store.
 38883 | Vaults:1 | Bought a wand of digging (6) for 554 gold pieces
 39679 | Vaults:2 | Reached XP level 20. HP: 200/200 MP: 20/20
 39901 | Vaults:2 | Noticed Mara
 39913 | Vaults:2 | Killed Mara
 39952 | Vaults:2 | Noticed Saint Roka
 39967 | Vaults:2 | Killed Saint Roka
 40337 | Vaults:2 | Received a gift from Okawaru
 40352 | Vaults:2 | Reached skill level 10 in Dodging
 40463 | Vaults:2 | Received a gift from Okawaru
 40644 | Vaults:2 | Noticed Aizul
 40654 | Vaults:2 | Killed Aizul
 40674 | Vaults:2 | Found a staircase to the Crypt.
 40675 | Vaults:2 | Noticed a bone dragon
 40683 | Vaults:2 | Killed a bone dragon
 40695 | Vaults:2 | Acquired 646 gold pieces
 41932 | Vaults:4 | Identified the +10 quarterstaff of Distant Shores {heavy,
                  | rElec rC+ Will+ Str-2} (Okawaru gifted it to you on level 4
                  | of the Vaults)
 41932 | Vaults:4 | Received a gift from Okawaru
 42002 | Vaults:4 | Found Hetufuso's Weapon Emporium.
 42033 | Vaults:4 | Found a portal to a secret trove of treasure.
 42075 | Vaults:4 | Found a magical portal.
 42080 | WizLab   | Entered Wucad Mu's Monastery
 42189 | WizLab   | Found the crystal ball of Wucad Mu {*channel}
 42202 | WizLab   | Reached skill level 5 in Stealth
 42308 | WizLab   | Reached XP level 21. HP: 211/211 MP: 22/22
 43101 | Vaults:4 | Reached XP level 22. HP: 183/222 MP: 23/23
 43116 | Vaults:4 | Identified the +3 cloak of the Bursted Jackalope {rCorr
                  | Str+5} (Okawaru gifted it to you on level 4 of the Vaults)
 43116 | Vaults:4 | Received a gift from Okawaru
 43378 | Vaults:4 | Identified the +0 arbalest of the Mushroom {penet, rElec
                  | rF+ Str-4}
 43671 | Vaults:5 | Entered Level 5 of the Vaults
 43774 | Vaults:4 | Reached skill level 27 in Shields
 44216 | Vaults:5 | Identified the +3 leather armour "Teorol" {Regen+}
 44429 | Vaults:5 | Noticed a golden dragon
 44438 | Vaults:5 | Killed a golden dragon
 44447 | Vaults:5 | Noticed an ancient lich
 44482 | Vaults:4 | Killed an ancient lich
 44590 | Vaults:5 | Identified the +0 pair of gloves "Diyr" {Harm rPois Int+5}
                  | (Okawaru gifted it to you on level 5 of the Vaults)
 44590 | Vaults:5 | Received a gift from Okawaru
 44715 | Vaults:5 | Identified the +0 ring mail of Sif Muna {Harm Str+4 Dex+2}
 44715 | Vaults:5 | Noticed a dread lich
 44722 | Vaults:5 | Killed a dread lich
 44859 | Vaults:5 | Noticed an ancient lich
 44863 | Vaults:5 | Noticed a dread lich
 44878 | Vaults:5 | Killed a dread lich
 44882 | Vaults:5 | Killed an ancient lich
 44947 | Vaults:5 | Identified the staff of cold "Beureil" {+Blink rPois rC+
                  | Will+}
 44951 | Vaults:5 | Identified the staff of conjuration "Numecom" {rF+++ rN+++
                  | Int-2 Dex-3}
 44990 | Vaults:5 | Got the Commentary on the Beguiling Missiles
 44995 | Vaults:5 | Identified the staff of cold "Lonau" {rF+ rC+ SInv}
 45008 | Vaults:5 | Identified the staff of air "Nojehim" {rElec Will- MP+9
                  | Str+3}
 45029 | Vaults:5 | Identified the ring "Siec Ucsext" {Str+2 SInv Stlth+}
 45895 | Vaults:5 | Identified the +7 long sword of the Blushing Gods {pain,
                  | SInv}
 45972 | Vaults:5 | Identified the amulet "Hizxuisk" {Reflect rF+ rN+ Will+
                  | rCorr SH+5}
 45980 | Vaults:5 | Identified the ring of Feul {Fire *Corrode Will+ MP+9
                  | Dex+4}
 46105 | Vaults:5 | Reached XP level 23. HP: 233/238 MP: 24/24
 46109 | Vaults:5 | Found Plog's Distillery.
 46127 | Vaults:5 | Bought a potion of might for 68 gold pieces
 46127 | Vaults:5 | Bought a potion of mutation for 136 gold pieces
 46208 | Vaults:5 | Found Citai's Antique Weapon Boutique.
 46239 | Vaults:5 | Got a silver rune of Zot
 46701 | Crypt:1  | Entered Level 1 of the Crypt
 46841 | Crypt:1  | Identified the +10 battleaxe of Gucixt {venom, Int+2 Dex+3
                  | SInv Stlth-}
 46918 | Crypt:1  | Received a gift from Okawaru
 47132 | Crypt:1  | Noticed Jory
 47137 | Crypt:1  | Killed Jory
 48023 | Crypt:2  | Reached skill level 27 in Fighting
 48136 | Crypt:3  | Entered Level 3 of the Crypt
 48150 | Crypt:3  | Found an ancient bone altar of Kikubaaqudgha.
 48233 | Crypt:3  | Found a staircase to the Tomb.
 48457 | Crypt:3  | Identified the +3 ring mail of the Shifting Gods {Fly
                  | Will+++ Regen+ Str-3} (Okawaru gifted it to you on level 3
                  | of the Crypt)
 48457 | Crypt:3  | Received a gift from Okawaru
 48530 | Crypt:3  | HP: 6/240 [spectral dire elephant[a revenant] (16)]
 48995 | Crypt:3  | Found an ancient bone altar of Kikubaaqudgha.
 48995 | Crypt:3  | Found a basalt altar of Yredelemnul.
 48995 | Crypt:3  | Noticed a curse toe
 49008 | Crypt:3  | Killed a curse toe
 49090 | Crypt:3  | Got the Lessons on the Nauseating Summer
 49136 | Crypt:3  | Got Ereshkigal's Verses on Necromantic Liturgies
 49144 | Crypt:3  | Identified the +3 leather armour "Pinomu" {Slay+5}
 49145 | Crypt:3  | Identified the +6 great sword "Iwaejed" {chaos, rElec MP-9
                  | Str+10 Stlth-}
 49676 | Depths:1 | Entered Level 1 of the Depths
 49872 | Depths:1 | Found a runed translucent door.
 49876 | Depths:1 | Noticed o55k's ghost (adept TeHu)
 49911 | Depths:1 | Found a one-way gate to the infinite horrors of the Abyss.
 50165 | Depths:1 | Found a gateway to Hell.
 50272 | Depths:1 | Reached XP level 24. HP: 94/249 MP: 24/24
 50458 | Depths:1 | Found a radiant altar of Vehumet.
 50740 | Depths:1 | Killed o55k's ghost
 50742 | Depths:1 | Found a runed translucent door.
 50746 | Depths:1 | Noticed VeryBadPlayer's ghost (adept MiFi)
 50765 | Depths:1 | Killed VeryBadPlayer's ghost
 50766 | Depths:1 | Found a runed translucent door.
 50778 | Depths:1 | Noticed Azie's ghost (adept DsAK)
 50815 | Depths:1 | Killed Azie's ghost
 50927 | Depths:2 | Identified the +0 pair of boots of Mezcal {*Slow rElec rC+}
                  | (Okawaru gifted it to you on level 2 of the Depths)
 50927 | Depths:2 | Received a gift from Okawaru
 51140 | Depths:2 | HP: 7/249 [spriggan berserker/+3 war axe (41)]
 51140 | Depths:2 | Killed from afar by a spriggan air mage

Illustrated notes

Levels and vault maps discovered:
D:1:      saegor_arrival_simple_e, layout_rooms, serial_shops, shop,
          minmay_pentomino_u2
D:2:      layout_rooms
D:3:      layout_basic, serial_shops, shop_coins, minmay_misc_feat_rugged,
          uniq_crazy_yiuf_cottage
D:4:      gammafunk_steamed_eel, layout_basic
D:5:      layout_cave_pools, bh_walls_and_bars, uniq_pikel
D:6:      layout_basic, minmay_manual_mares, uniq_maggie, uniq_eustachio
D:7:      layout_cave_pools, minmay_temple_entry_arrows, enter_bailey_6,
          gammafunk_ghost_gnarly_gnolls, serial_shops,
          nicolae_shop_rolling_square, serial_bayou_ford_a, grunt_ministairs_7,
          roderic_lattice_a
D:8:      gammafunk_indiana_jones, layout_basic, zin_purify, uniq_erica
D:9:      layout_basic, minmay_lair_entry_grove
D:10:     layout_stronghold
D:11:     layout_basic
D:12:     layout_cave_pods, orc_david_3, kennysheep_generic_room_7, uniq_jorgrun
D:13:     layout_basic, david_vaults_4
D:14:     layout_big_octagon, infiniplex_staircase_zigzag_5
D:15:     hangedman_depths_entry_try_elsewhere_first, layout_basic,
          serial_shops, nicolae_shop_trees
Temple:   compressed_dpeg_triangle_lava_temple
Lair:1:   layout_big_grid, nzn_random_ring
Lair:2:   layout_long_grid, lemuel_fruit_tree
Lair:3:   layout_small_grid, minmay_shoals_entry_hut,
          guppyfry_snake_entry_island, infiniplex_staircase_pool
Lair:4:   gammafunk_cloud_chamber, layout_gridlike, special_room
          [special_room_bee], basic_altar, worms_lemuel, serial_bayou_shore_a
Lair:5:   minmay_lair_end_enchanted_forest, layout_cave_shapes,
          minmay_slime_entry_oklob_open
Shoals:1: layout_shoals, gammafunk_ghost_grave, nicolae_shoals_loop_pool
Shoals:2: nicolae_shoals_deep_elves_summer_vacation, layout_shoals
Shoals:3: layout_shoals, serial_shops, nicolae_shop_dealshenge,
          nicolae_shoals_isolated_beach, uniq_kirke, uniq_ilsuiw
Shoals:4: shoals_end_simple, layout_shoals, serial_shops, nicolae_shop_crystal,
          nicolae_shop_real_fake_doors, nicolae_shop_window_shopping,
          nicolae_shop_window_shopping, uniq_nikola
Snake:1:  layout_chambers, serial_shops, nicolae_shop_tiny_waterfront
Snake:2:  layout_chambers, serial_bayou_shore_b, minmay_shop_star,
          grunt_megastairs_5, serial_bayou_shore_b
Snake:3:  layout_cave_town, serial_shops, nicolae_shop_rolling_square,
          hellmonk_scale_shop, grunt_megastairs_2, uniq_agnes, uniq_bai_suzhen
Snake:4:  minmay_snake_end_coiled, layout_gridlike, grunt_ministairs_12,
          nicolae_snake_mages_go_home, uniq_vashnia
Slime:1:  layout_caves, nicolae_slime_getting_an_eyeful
Orc:1:    layout_caves
Orc:2:    grunt_orc_community_town_hall, layout_caves,
          grunt_orc_community_big_house_1, grunt_orc_community_big_house_1,
          grunt_orc_community_house_3, grunt_orc_community_house_3,
          grunt_orc_community_house_2, grunt_orc_community_house_1
Elf:1:    elf_arrival_002, layout_onion_city, orc_legates
Elf:2:    elven_hall_of_blades_hangedman_original
          [nicolae_blade_entry_floor_patterns], layout_geoelf_octagon,
          uniq_donald
Elf:3:    minmay_elf_hall_dome, layout_gridlike,
          portal_ice_cave_entry_horrid_things, hangedman_elven_pyramids,
          glass_columns_b, corexii_checkpoint_b
Vaults:1: grunt_vaults_swirl, nicolae_vaults_twisting_passages,
          hangedman_vaults_capsules, nicolae_vaults_house_3, v_alt_pattern_1,
          nicolae_vaults_closet_pinwheel_1, ontoclasm_vaults_twist,
          hangedman_vaults_pinch, nicolae_vaults_ninety_degrees,
          vaults_room_hallway, ontoclasm_vaults_fault, layout_vaults_maze_bifur,
          serial_shops, nicolae_shop_advertising_works
          [nicolae_subvault_shop_adworks]
Vaults:2: nicolae_vaults_triangles, hangedman_vaults_river_flow,
          ontoclasm_vaults_pinch, nicolae_vaults_little_squares_4, v_misc_19,
          nicolae_vaults_tangram_1, nicolae_vaults_diamond_1,
          ontoclasm_vaults_ring_small, minmay_crypt_entry_nasty_monster,
          nicolae_vaults_gold_heap, nicolae_vaults_little_squares_3,
          layout_vaults_big_cross, uniq_aizul, uniq_saint_roka, uniq_mara
Vaults:3: nicolae_vaults_trapezoid_4, v_misc_10, v_misc_19,
          nicolae_vaults_circle_grid_b, vaults_room_guarded_vault,
          nicolae_vaults_heart-shaped_vault, vaults_dpeg_ring,
          nicolae_vaults_specimen_jars, v_pattern_4, vaults_dpeg_encased_lava,
          layout_vaults_big_room
Vaults:4: mu_enter_wizlab_1, v_misc_30, hangedman_vaults_stagger,
          vaults_room_semicircle, vaults_dpeg_spiral,
          vaults_room_stairs_pillars, nicolae_vaults_yaktaur_gun_rack,
          vaults_mumra_minichess, nicolae_vaults_double_plus_1,
          layout_vaults_omnigrid, nicolae_trove_entry_isolated, serial_shops,
          nicolae_square_shop
Vaults:5: uniq_margery
Crypt:1:  layout_regular_city, uniq_jory
Crypt:2:  layout_regular_city, roderic_lattice_octagonal_star
Crypt:3:  lightli_unholy_cathedral, layout_chaotic_city,
          tomb_entry_shell_bobbens, basic_altar
Depths:1: layout_gridville, muffindrake_ghost_three_little_ghosts,
          minmay_misc_feat_tower, abyss_entry_small_statue_room, hellmouth_1,
          nicolae_vehumet_altar_sigil
Depths:2: minmay_bloctagon_deflated, layout_long_grid, enter_ziggurat_a,
          hellmouth_3, abyss_entry, infiniplex_staircase_zigzag_3,
          rand_demon_pan_entry_8

Skill      XL: |  1  2  3  4  5  6  7  8  9 10 11 12 13 14 15 16 17 18 19 20 21 22 23 24 |
---------------+-------------------------------------------------------------------------+-----
Shields        | 4 5 6 8 9 10 11 14 17 19 21 22 24 25 26 27 | 27.0
Fighting       | 4 5 7 8 11 13 15 16 17 18 19 20 21 22 23 26 27 | 27.0
Armour         | 4 5 6 7 8 9 11 13 14 15 16 17 18 19 20 21 | 21.5
Long Blades    | 3 4 6 7 9 11 12 14 15 16 17 18 19 20 21 22 23 25 26 | 26.3
Dodging        | 1 2 3 4 5 7 9 10 | 10.8
Evocations     | 1 2 |  2.2
Invocations    | 1 2 3 |  3.1
Stealth        | 1 2 3 4 5 6 8 |  8.8

Action                     |  1- 3 |  4- 6 |  7- 9 | 10-12 | 13-15 | 16-18 | 19-21 | 22-24 || total
---------------------------+-------+-------+-------+-------+-------+-------+-------+-------++-------
  Melee: Long sword        |   121 |   156 |   240 |    46 |       |       |       |       ||   563
         Headbutt          |    11 |    18 |    48 |   138 |   383 |   365 |   217 |   342 ||  1522
         Scimitar          |       |       |       |   564 |  1158 |       |       |       ||  1722
         Double sword      |       |       |       |       |   286 |  1210 |   686 |   897 ||  3079
 Invoke: Heroism           |       |       |       |     3 |     8 |     9 |     4 |     4 ||    28
  Evoke: Wand              |       |       |    11 |     2 |     3 |       |     4 |       ||    20
    Use: Potion            |     4 |     1 |       |     6 |     2 |     5 |     1 |     1 ||    20
         Scroll            |       |       |    16 |     8 |     6 |     5 |    15 |     6 ||    56
   Stab: Distracted        |       |       |       |       |       |     1 |    22 |    27 ||    50
 Armour: Scale mail        |    22 |       |       |       |       |       |       |       ||    22
         Plate armour      |   102 |    94 |   133 |   244 |   465 |    46 |   192 |   355 ||  1631
         Swamp dragon scal |       |       |       |       |    71 |   253 |       |       ||   324
  Dodge: Dodged            |    62 |    52 |    89 |   176 |   399 |   612 |   310 |   467 ||  2167
         Repelled          |       |       |       |     5 |    23 |    34 |    10 |     9 ||    81
  Block: Buckler           |    34 |    48 |    96 |    89 |       |       |       |       ||   267
         Kite shield       |       |       |       |   210 |  1505 |  1536 |   667 |  1111 ||  5029
         Reflection        |       |       |       |       |    12 |    67 |       |       ||    79
